 Dungeon Crawl Stone Soup version 0.18-a0-1443-ge8f1551 (console) character file.

21728 Liam the Eclecticist (level 12, -3/59 HPs)
             Began as a Deep Elf Conjurer on Feb 29, 2016.
             Was a High Priest of Vehumet.
             Killed by mirror damage (7 damage)
             ... on level 13 of the Dungeon.
             The game lasted 00:32:33 (13368 turns).

Liam the Eclecticist (Deep Elf Conjurer)           Turns: 13368, Time: 00:32:33

Health: -3/59      AC:  6    Str:  5    XL:     12   Next: 56%
Magic:  23/43      EV: 13    Int: 28    God:    Vehumet [*****.]
Gold:   699        SH:  0    Dex: 15    Spells: 5 memorised, 22 levels left

rFire  + . .     SeeInvis .     U - +2 dagger (venom)
rCold  . . .     Gourm    .     w - +2 robe "Quokaoco" {rF+ Int+2}
rNeg   . . .     Faith    +     (no shield)
rPois  +         Spirit   .     (no helmet)
rElec  .         Dismiss  .     (no cloak)
rCorr  .         Reflect  .     N - +0 pair of gloves
SustAt .         Harm     .     F - +0 pair of boots
MR     +....                    y - amulet of faith
Stlth  ++........               K - ring of poison resistance
                                e - ring of magical power

@: deflect missiles, somewhat resistant to hostile enchantments, unstealthy
A: no striking features
a: Renounce Religion


You were on level 13 of the Dungeon.
You worshipped Vehumet.
Vehumet was extremely pleased with you.
You were hungry.

You visited 2 branches of the dungeon, and saw 14 of its levels.

You collected 699 gold pieces.

Inventory:

Hand Weapons
 U - a +2 dagger of venom (weapon)
Armour
 w - the +2 robe "Quokaoco" (worn) {rF+ Int+2}
   (You found it on level 5 of the Dungeon)

   It affects your intelligence (+2).
   It protects you from fire.
 F - a +0 pair of boots (worn)
 N - a +0 pair of gloves (worn)
 R - a +0 steam dragon armour
Jewellery
 e - a ring of magical power (left hand)
 p - an uncursed ring of stealth
 q - an uncursed ring of magical power
 y - an amulet of faith (around neck)
 J - a +2 ring of intelligence
 K - a ring of poison resistance (right hand)
 P - a +2 ring of protection
 Q - an uncursed ring of teleportation
Wands
 A - a wand of lightning (14/15)
 M - a wand of paralysis (17/24)
Scrolls
 a - 4 scrolls of enchant armour
 f - 3 scrolls of amnesia
 h - 23 scrolls of identify
 j - 3 scrolls of recharging
 n - 2 scrolls of fog {unknown}
 o - 3 scrolls of remove curse
 r - 2 scrolls of enchant weapon {unknown}
 x - a scroll of acquirement {unknown}
 z - 4 scrolls of teleportation
 C - a scroll of fear
 E - a scroll of random uselessness {unknown}
 H - a scroll of immolation {unknown}
 S - 2 scrolls of noise {unknown}
 T - a scroll of blinking {unknown}
 V - a scroll of silence {unknown}
Potions
 d - 2 potions of curing
 g - 3 potions of degeneration {unknown}
 i - 4 potions of agility {unknown}
 k - 4 potions of ambrosia {unknown}
 m - 2 potions of haste
 t - 2 potions of heal wounds {unknown}
 B - 2 potions of flight {unknown}
 L - a potion of berserk rage {unknown}
Books
 b - a book of Conjurations

   Spells                             Type                      Level
   a - Magic Dart                     Conjuration                  1
   b - Searing Ray                    Conjuration                  2
   c - Dazzling Spray                 Conjuration/Hexes            3
   d - Fulminant Prism                Conjuration/Hexes            4
   e - Iskenderun's Mystic Blast      Conjuration                  4
   f - Iskenderun's Battlesphere      Conjuration/Charms           5
 s - a book of Enchantments

   Spells                             Type                      Level
   a - Cause Fear                     Hexes                        4
   b - Yara's Violent Unravelling     Hexes/Transmutation          5
   c - Silence                        Hexes/Air                    5
   d - Deflect Missiles               Charms/Air                   6
   e - Haste                          Charms                       6
   f - Discord                        Hexes                        8
 D - a book of the Sky

   Spells                             Type                      Level
   a - Summon Lightning Spire         Summoning/Air                4
   b - Airstrike                      Air                          4
   c - Silence                        Hexes/Air                    5
   d - Deflect Missiles               Charms/Air                   6
   e - Conjure Ball Lightning         Conjuration/Air              6
   f - Tornado                        Air                          9
 G - a book of the Dragon

   Spells                             Type                      Level
   a - Flame Tongue                   Conjuration/Fire             1
   b - Cause Fear                     Hexes                        4
   c - Bolt of Fire                   Conjuration/Fire             6
   d - Dragon Form                    Transmutation                7
   e - Dragon's Call                  Summoning                    9
 O - an Akashic Record

   Spells                             Type                      Level
   a - Dispersal                      Translocation                6
   b - Malign Gateway                 Summoning/Translocation      7
   c - Disjunction                    Translocation                8
   d - Controlled Blink               Translocation                8
Comestibles
 c - 13 bread rations
 l - 3 meat rations
 u - 7 beef jerkies
 v - 6 fruits
 I - 9 royal jellies


   Skills:
 - Level 2.4 Dodging
 - Level 2.4 Stealth
 + Level 16.8 Spellcasting
 + Level 14.8 Conjurations
 - Level 10.0 Charms
 - Level 5.0 Air Magic


You had 22 spell levels left.
You knew the following spells:

 Your Spells              Type           Power        Failure   Level  Hunger
a - Magic Dart            Conj           ####         0%          1    None
b - Deflect Missiles      Chrm/Air       ######....   17%         6    ###....
h - Haste                 Chrm           ######..     6%          6    ###....
p - Iskenderun's Battles  Conj/Chrm      #######.     1%          5    None
x - Iskenderun's Mystic   Conj           #######.     1%          4    None


Dungeon Overview and Level Annotations

Branches:
Dungeon (13/15)            Temple (1/1) D:5            Lair (0/8) D:11
    Orc (0/2) D:12
 Vaults: D:13-14

Altars:
Ashenzari
Cheibriados
Dithmenos
Elyvilon
Fedhas
Gozag
Kikubaaqudgha
Makhleb
Nemelex Xobeh
Okawaru
Pakellas
Qazlal
Ru
Sif Muna
Trog
Vehumet
Xom
Yredelemnul
Zin
The Shining One

Shops:
D:10 !

Annotations:
D:10 exclusion: obsidian statue


Message History

The death knight is moderately wounded.
The orb of energy explodes!
Your damage is reflected back at you!
Your battlesphere fires!
The barrage of energy hits the death knight.
The death knight is moderately wounded.
The death knight hits you with a morningstar!!
Casting: Iskenderun's Mystic Blast
Confirm with . or Enter, or press ? or * to list all spells.
Aiming: Iskenderun's Mystic Blast
Press: ? - help, Shift-Dir - straight line, f/p - death knight
Aim: a death knight, wielding a morningstar and wearing a chain mail (moderately wounded, reflecting injuries)
The orb of energy hits the death knight.
The death knight is heavily wounded.
The orb of energy explodes!
Your damage is reflected back at you!
* * * LOW HITPOINT WARNING * * *
Your battlesphere fires!
The barrage of energy hits the death knight.
The death knight is severely wounded.
Your damage is reflected back at you!
You die...

#..####### .##.##.##
#..# #.##...... #..#
#.##..##.# #..#
########.##..##.# #..#
##...............#
#..###......##.##..#..#
#.......######.##......
#.####.#######.##..#..#
#.# #@..[†........#..#
#.####p..*............#
#.....†.######.#...#.##
......†...##..#
#)........
..............#
###...###.
#########.....#
##.####. #######
#...... #######


You could see a death knight and a friendly battlesphere.

Vanquished Creatures
  A hydra (D:13)
  Erolcha (D:9)
  Erica (D:9)
  An ogre mage (D:13)
  Sonja (D:13)
  2 unseen horrors
  Pikel (D:9)
  4 hill giants
  2 manticores (D:12)
  4 cyclopes
  The ghost of Vidiiot the Ruffian, a novice TrNe of Cheibriados (D:7)
  A gargoyle (D:12)
  A centaur zombie (D:12)
  A centaur skeleton (D:13)
  6 trolls
  The ghost of Fabri the Magician, an amateur NaTm (D:4)
  A two-headed ogre (D:13)
  18 yaks
  A wraith (D:12)
  2 steam dragons
  2 vampire mosquitoes (D:12)
  A hippogriff (D:7)
  2 soldier ants (D:9)
  2 hell hounds (D:11)
  A water moccasin (D:7)
  4 orc warriors
  2 sky beasts
  A slave (D:9)
  4 ice beasts
  4 phantoms
  7 ogres
  A black bear (D:8)
  A wasp (D:9)
  A necrophage (D:11)
  5 centaurs
  3 big kobolds
  5 giant frogs
  A wyvern skeleton (D:12)
  2 scorpions
  14 killer bees
  A water moccasin skeleton (D:6)
  3 wights (D:12)
  A howler monkey (D:6)
  6 crimson imps
  3 giant frog zombies
  4 jellies
  A quasit (D:13)
  11 hounds
  7 orc priests
  A giant frog skeleton (D:11)
  Jessica (D:5)
  14 orc wizards
  4 iguanas
  11 worker ants
  A hound zombie (D:10)
  A hound skeleton (D:5)
  Robin (D:2)
  3 worker ant zombies (D:11)
  A howler monkey skeleton (D:10)
  15 adders
  An ooze (D:2)
  2 adder zombies
  4 worms
  2 dart slugs
  9 giant geckos
  51 orcs
  7 giant cockroaches
  19 goblins
  5 hobgoblins
  12 jackals
  3 quokkas
  2 ball pythons
  6 bats
  5 giant newts
  27 kobolds
  2 quokka skeletons
  5 rats
366 creatures vanquished.

Vanquished Creatures (others)
  A slave (D:9)
1 creature vanquished.

Grand Total: 367 creatures vanquished

Notes
Turn   | Place    | Note
--------------------------------------------------------------
     0 | D:1      | Liam the Deep Elf Conjurer began the quest for the Orb.
     0 | D:1      | Reached XP level 1. HP: 10/10 MP: 6/6
   211 | D:1      | Reached XP level 2. HP: 15/15 MP: 2/8
   974 | D:2      | Reached skill level 4 in Spellcasting
   974 | D:2      | Reached skill level 5 in Conjurations
   974 | D:2      | Reached XP level 3. HP: 19/19 MP: 5/10
  1684 | D:2      | Reached XP level 4. HP: 24/24 MP: 12/12
  1700 | D:2      | Noticed Robin
  1805 | D:2      | Killed Robin
  1805 | D:2      | Reached skill level 5 in Spellcasting
  2131 | D:3      | Reached XP level 5. HP: 28/28 MP: 9/14
  2239 | D:3      | Learned a level 4 spell: Iskenderun's Mystic Blast
  2245 | D:3      | Learned a level 5 spell: Iskenderun's Battlesphere
  2883 | D:3      | Reached skill level 1 in Charms
  3130 | D:4      | Noticed a phantom
  3146 | D:4      | Killed a phantom
  3146 | D:4      | Reached skill level 6 in Spellcasting
  3146 | D:4      | Reached XP level 6. HP: 22/32 MP: 11/17
  3362 | D:4      | Learned a level 6 spell: Deflect Missiles
  3711 | D:4      | Reached skill level 7 in Spellcasting
  3784 | D:4      | Found a basalt altar of Yredelemnul.
  3790 | D:4      | Noticed Fabri's ghost (amateur NaTm)
  4025 | D:4      | Reached XP level 7. HP: 6/36 MP: 6/19
  4308 | D:4      | Found a snail-covered altar of Cheibriados.
  4316 | D:4      | Killed Fabri's ghost
  4316 | D:4      | Reached skill level 5 in Charms
  4757 | D:5      | Entered Level 5 of the Dungeon
  4851 | D:5      | Got a heavily jewelled robe
  4854 | D:5      | Identified the +2 robe "Quokaoco" {rF+ Int+2} (You found it on level 5 of the Dungeon)
  4926 | D:5      | Reached skill level 1 in Air Magic
  5011 | D:5      | Found a glowing silver altar of Zin.
  5081 | D:5      | Found a sparkling altar of Nemelex Xobeh.
  5081 | D:5      | Noticed Jessica
  5084 | D:5      | Reached skill level 8 in Spellcasting
  5086 | D:5      | Reached XP level 8. HP: 22/41 MP: 16/22
  5088 | D:5      | Killed Jessica
  5386 | D:5      | Found a staircase to the Ecumenical Temple.
  5406 | Temple   | Entered the Ecumenical Temple
  5554 | Temple   | Became a worshipper of Vehumet
  6283 | D:6      | Killed an unseen horror
  6283 | D:6      | Reached skill level 9 in Spellcasting
  6283 | D:6      | Reached XP level 9. HP: 26/45 MP: 6/24
  6457 | D:6      | Reached * piety under Vehumet
  6457 | D:6      | Offered knowledge of Flame Tongue by Vehumet.
  6639 | D:6      | Found a white marble altar of Elyvilon.
  6932 | D:7      | Noticed Vidiiot's ghost (novice TrNe)
  7511 | D:7      | Killed Vidiiot's ghost
  7511 | D:7      | Reached skill level 10 in Spellcasting
  7511 | D:7      | Reached skill level 5 in Air Magic
  7680 | D:7      | Learned a level 6 spell: Haste
  7684 | D:7      | Offered knowledge of Throw Frost by Vehumet.
  7712 | D:7      | Reached ** piety under Vehumet
  8221 | D:8      | Reached skill level 10 in Charms
  8271 | D:8      | Reached XP level 10. HP: 50/50 MP: 26/26
  8272 | D:8      | Found a shadowy altar of Dithmenos.
  8272 | D:8      | Found a blossoming altar of Fedhas.
  8327 | D:8      | Offered knowledge of Stone Arrow by Vehumet.
  8378 | D:8      | Found an ancient bone altar of Kikubaaqudgha.
  8402 | D:8      | Reached skill level 10 in Conjurations
  8427 | D:8      | Reached skill level 11 in Spellcasting
  8681 | D:9      | Noticed Pikel
  8684 | D:9      | Killed Pikel
  8759 | D:9      | Reached *** piety under Vehumet
  9322 | D:9      | Noticed Erica
  9329 | D:9      | Killed Erica
  9329 | D:9      | Reached skill level 12 in Spellcasting
  9401 | D:9      | Noticed Erolcha
  9405 | D:9      | Killed Erolcha
  9456 | D:9      | Offered knowledge of Static Discharge by Vehumet.
  9474 | D:9      | Reached skill level 13 in Spellcasting
  9770 | D:10     | Entered Level 10 of the Dungeon
  9782 | D:10     | Noticed a hill giant
  9788 | D:10     | Noticed a hill giant
  9788 | D:10     | Killed a hill giant
  9791 | D:10     | Noticed a cyclops
  9792 | D:10     | Killed a hill giant
  9792 | D:10     | Reached XP level 11. HP: 54/54 MP: 30/30
 10005 | D:10     | Noticed an obsidian statue
 10014 | D:10     | Noticed a sun demon
 10094 | D:10     | Reached **** piety under Vehumet
 10098 | D:10     | Offered knowledge of Fireball by Vehumet.
 10287 | D:10     | Found Vyutuest's Distillery.
 10960 | D:10     | Reached skill level 14 in Spellcasting
 11030 | D:11     | Reached ***** piety under Vehumet
 11035 | D:11     | Offered knowledge of Poison Arrow by Vehumet.
 11200 | D:11     | Found a staircase to the Lair.
 11382 | D:11     | Noticed a hill giant
 11388 | D:11     | Killed a hill giant
 11547 | D:11     | Found a sacrificial altar of Ru.
 11571 | D:11     | Noticed a hill giant
 11578 | D:11     | Killed a hill giant
 11580 | D:11     | Reached skill level 15 in Spellcasting
 12282 | D:12     | Found a staircase to the Orcish Mines.
 12301 | D:12     | Killed an unseen horror
 12301 | D:12     | Reached XP level 12. HP: 34/59 MP: 8/33
 12926 | D:13     | Reached skill level 16 in Spellcasting
 12940 | D:13     | Noticed a seven-headed hydra
 12947 | D:13     | Killed a seven-headed hydra
 13032 | D:13     | Found a shadowy altar of Dithmenos.
 13108 | D:13     | Noticed Sonja
 13112 | D:13     | Killed Sonja
 13114 | D:13     | Noticed an ogre mage
 13118 | D:13     | Killed an ogre mage
 13367 | D:13     | Noticed a death knight
 13368 | D:13     | Killed by mirror damage

Vault maps used:
D:1:      moated_graveyard_arrival, minmay_misc_feat_iff, kennysheep_nondescript
D:2:      uniq_robin
D:4:      lemuel_coloured_pillars_altar, yredelemnul_altar_generic
D:5:      zin_treasury, temple_fountains, first_bread,
          nemelex_lonely_heart_becter
D:6:      elyvilon_altar_1
D:8:      amethyst_overflow_temple_binary, kiku_gazebo_pond_becter
D:9:      hangedman_pestilent_swarm, uniq_pikel, uniq_erolcha, uniq_erica
D:10:     serial_shops, shop_statue, minmay_statue_bubble
D:11:     minmay_lair_entry_lava, basic_altar
D:12:     orc_0_dummy
D:13:     lemuel_flame_loot_2, grunt_vaults_entry_tiered,
          nicolae_dithmenos_the_darkroom, uniq_sonja
Temple:   water_room_temple_a_12

Skill      XL: |  1  2  3  4  5  6  7  8  9 10 11 12 |
---------------+-------------------------------------+-----
Spellcasting   | 4 5 6 7 8 9 10 13 15 16 | 16.8
Conjurations   | 5 6 7 8 9 11 13 14 | 14.8
Charms         | 2 4 5 7 10 | 10.0
Air Magic      | 1 4 5 |  5.0
Dodging        | |  2.4
Stealth        | |  2.4

Action                   |  1- 3 |  4- 6 |  7- 9 | 10-12 || total
-------------------------+-------+-------+-------+-------++-------
Melee: Unarmed           |       |     2 |     1 |       ||     3
 Cast: Magic Dart        |    64 |   200 |   179 |   265 ||   708
       Iskenderun's Myst |       |     6 |    39 |    98 ||   143
       Iskenderun's Batt |       |       |    25 |    73 ||    98
       Deflect Missiles  |       |       |     1 |       ||     1
  Use: Potion            |       |     1 |       |     1 ||     2
       Scroll            |       |       |     1 |     7 ||     8
  Eat: Chunk             |     2 |     4 |    21 |    17 ||    44
       Fruit             |       |     2 |       |       ||     2
